 Dungeon Crawl Stone Soup version 0.31.0-32-g396128a36d (webtiles) character file.

Game seed: 16208491245422929984

58 monsoonserge the Ruffian (level 4, 0/31 HPs)
             Began as an Octopode Fighter on Mar 12, 2024.
             Slain by an orc wizard
             ... wielding a +0 dagger
              (3 damage)
             ... on level 2 of the Dungeon.
             The game lasted 00:02:22 (1319 turns).

monsoonserge the Ruffian (Octopode Fighter)         Turns: 1319, Time: 00:02:23

Health: 0/31       AC:  1    Str: 17    XL:     4   Next: 2%
Magic:  4/4        EV: 13    Int: 10    God:
Gold:   150        SH:  4    Dex: 11    Spells: 3/3 levels left

rFire   . .          .
                       - Unarmed
rCold   . . .        a - +0 buckler
rNeg    . . .        (helmet restricted)
rPois   .            (no amulet)
rElec   .            (no ring)
rCorr   .            (no ring)
SInv    .            (no ring)
Will    .....        (no ring)
Stlth   +++          (no ring)
HPRegen 0.25/turn    (no ring)
MPRegen 0.09/turn    (no ring)
                     (no ring)

%: no passive effects
@: no status effects
A: almost no armour, amphibious, 8 rings, camouflage 1, gelatinous body 1,
(nimble swimmer 1), tentacles
a: no special abilities


You were on level 2 of the Dungeon.
You visited 1 branch of the dungeon, and saw 3 of its levels.

You collected 150 gold pieces.

Inventory:

Missiles
 j - 5 poisoned darts (quivered)
Armour
 a - a +0 buckler (worn)
Scrolls
 d - a scroll of teleportation {unknown}
 g - 2 scrolls of fear {unknown}
 i - 2 scrolls of identify {unknown}
 k - a scroll of enchant armour {unknown}
 l - a scroll of fog {unknown}
Potions
 b - a potion of might
 c - 2 potions of attraction {unknown}
 e - 2 potions of brilliance {unknown}
 f - a potion of curing {unknown}
 h - a potion of degeneration {unknown}
 m - a potion of heal wounds {unknown}


   Skills:
 - Level 3.0 Fighting
 - Level 3.0 Dodging
 + Level 2.2 Stealth
 - Level 3.0 Shields
 * Level 3.7 Unarmed Combat


You had 3 spell levels left.
You didn't know any spells.
Your spell library contained the following spells:

 Spells                   Type           Power      Damage    Failure   Level
 Sublimation of Blood     Necr           0%         N/A       58%         2
 Volatile Blastmotes      Fire/Tloc      0%         2d10      82%         3
 Fulminant Prism          Conj/Alch      0%         3d5       99%         4
 Iskenderun's Mystic Bla  Conj/Tloc      0%         2d3       99%         4
 Petrify                  Alch/Erth      0%         N/A       99%         4
 Irradiate                Conj/Alch      0%         3d11      100%        5


Dungeon Overview and Level Annotations

Branches:
Dungeon (3/15)

Altars:


Innate Abilities, Weirdness & Mutations

You cannot wear most types of armour.
You are amphibious.
You can wear up to eight rings at the same time.
Your skin changes colour to match your surroundings (Stealth+).
Your rubbery body absorbs attacks. (AC +1, EV +1)
((You are camouflaged when in or above water. (Stealth+)))
You have tentacles for arms and can constrict up to eight enemies at once.


Message History

You tentacle-slap the orc wizard but do no damage.
Your grab misses the orc wizard.
The orc wizard is moderately wounded.
The orc wizard hits you with a +0 dagger.
You tentacle-slap the orc wizard. You grab the orc wizard.
The orc wizard is moderately wounded.
You constrict the orc wizard, but do no damage.
The orc wizard hits you with a +0 dagger.
You tentacle-slap the orc wizard but do no damage.
The orc wizard is moderately wounded.
You constrict the orc wizard. You tentacle-slap the orc wizard.
The orc wizard is almost dead.
You constrict the orc wizard.
You kill the orc wizard!
Your Stealth skill increases to level 2!
You have reached level 4!
Something hits you.
There is a stone staircase leading up here.
You climb upwards.
Reactivating autopickup.
There is a stone staircase leading down here.
You hear some strange, mumbled words.
Deactivating autopickup; reactivate with Ctrl-A.
You are confused.
You're too confused to move!
You bump into the rock wall.
Something hits you.
A magic dart appears from out of thin air!
The magic dart hits you!
* * * LOW HITPOINT WARNING * * *
Okay, then.
You bump into the rock wall.
You miss something. Something hits you.
* * * LOW HITPOINT WARNING * * *
You barely miss something. Something hits you.
* * * LOW HITPOINT WARNING * * *
You completely miss something. You squeeze something.
You feel less confused. Something hits you.
You die...

#.######.#
########## #.# #.#
#........####.####
#.#
#..##............#
#.#
#.....#..####.##.#
#.# .....##..#
#.##.# #.#
#.....#..#
#.##.###.#
#†.......#
#........#
##......##
####@#####
###.##### #{# #
#.# #># ###'##
######.# ##...##
#...##.# #.....##
#......#
.......####...####
........##.....##
........'.......#


There were no monsters in sight!

Vanquished Creatures
  An orc wizard (D:3)
  An adder (D:2)
  2 dart slugs (D:3)
  An orc (D:3)
  2 endoplasms
  A giant cockroach (D:3)
  2 hobgoblins (D:2)
  2 quokkas (D:1)
  4 ball pythons
  A bat (D:1)
  2 frilled lizards
  2 kobolds
  2 rats
23 creatures vanquished.

Notes
Turn   | Place    | Note
-------+----------+-------------------------------------------
     0 | D:1      | monsoonserge the Octopode Fighter began the quest for the
                  | Orb.
     0 | D:1      | Reached XP level 1. HP: 16/16 MP: 1/1
   274 | D:1      | Reached XP level 2. HP: 18/21 MP: 2/2
   900 | D:2      | Reached skill level 1 in Stealth
  1050 | D:2      | Reached XP level 3. HP: 22/26 MP: 3/3
  1309 | D:3      | Reached XP level 4. HP: 18/31 MP: 4/4
  1319 | D:2      | Slain by an orc wizard

Illustrated notes

Levels and vault maps discovered:
D:1:      dpeg_arrival_shelter, layout_rooms
D:2:      layout_loops_corners
D:3:      layout_loops_cross, lemuel_doored_altar, grunt_ministairs_3,
          dk_noncrumbling_3

Skill      XL: |  1  2  3 |
---------------+----------+-----
Stealth        | 1 2 |  2.2
Unarmed Combat | 3 |  3.7
Fighting       | |  3.0
Dodging        | |  3.0
Shields        | |  3.0

Action                     |  1- 3 |  4- 6 || total
---------------------------+-------+-------++-------
  Melee: Unarmed           |    52 |     3 ||    55
         Constrict         |    14 |       ||    14
         Tentacles         |     9 |     1 ||    10
         Punch             |     1 |       ||     1
   Stab: Sleeping          |     7 |       ||     7
 Armour: Skin              |    15 |     6 ||    21
  Dodge: Dodged            |    16 |       ||    16
  Block: Buckler           |     8 |       ||     8
